AoeStats
← Tsoudbrah

Pilgrims

509296920Analyzed
4v4 RM · 7d ago on Sep 26, 2026· 50m 37s· 8 players
Game mode
Random Map
Map size
Large (8 player)
Population
200
Speed
Normal
Resources
Standard
Victory
Conquest
Starting age
Dark Age
Ending age
Imperial Age
RankedLock teamsTeams togetherTeam positionsShared explorationLock speedFull tech treeHidden civsTurbo modeCheats
Victory
Defeat
🇮🇳 Berbers · India
1380
+16
🇨🇳 Teutons · China
1344
+17
🇺🇸 Ethiopians · United States
1332
+18
🇲🇽 Wei · Mexico
1329
+18
🇨🇳 Poles · China
1464
-21
🇺🇸 Persians · United States
1461
-21
🇺🇸 Gurjaras · United States
1309
-15
🇫🇷 Vietnamese · France
1254
-12
Tsoudbrah
8:50 Loom
12:26 Feudal Age
18:27 Castle Age
16:52 Town Watch
17:19 Double-Bit Axe
18:14 Fletching
18:24 Padded Archer Armor
28:46 Imperial Age
27:45 Bodkin Arrow
28:51 Leather Archer Armor
28:32 Horse Collar
30:34 Chemistry
30:38 Wheelbarrow
32:58 Ring Archer Armor
34:12 Ballistics
38:14 Bracer
38:16 Gold Mining
39:13 Elite Genitour
40:33 Onager
42:20 Siege Engineers
43:25 Thumb Ring
42:41 Crossbowman
44:07 Light Cavalry
44:48 Husbandry
44:55 Scale Barding Armor
45:01 Forging
RedKing
7:07 Loom
11:31 Feudal Age
16:34 Castle Age
15:45 Fishing Lines
22:37 Wheelbarrow
24:11 Fletching
25:16 Town Watch
25:53 Double-Bit Axe
25:55 Horse Collar
27:21 Bodkin Arrow
36:30 Imperial Age
35:37 Forging
35:35 Padded Archer Armor
36:07 Bow Saw
38:59 Imperial Age
38:27 Hand Cart
39:06 Gold Mining
39:10 Stone Mining
40:25 Scale Mail Armor
41:00 Iron Casting
40:50 Scale Barding Armor
40:17 Pikeman
40:57 Squires
42:52 Chain Mail Armor
44:56 Blast Furnace
45:10 Halberdier
45:15 Capped Ram
48:18 Capped Ram
49:01 Arson
300P 4V4
9:38 Loom
11:31 Feudal Age
17:40 Castle Age
15:35 Stone Mining
16:41 Wheelbarrow
17:06 Gold Mining
17:03 Double-Bit Axe
19:09 Stone Shaft Mining
19:03 Bow Saw
19:28 Medium Warships
22:08 Hand Cart
32:31 Imperial Age
31:34 Gambesons
31:50 Squires
32:37 Scale Mail Armor
32:47 Forging
32:24 Arson
32:18 Man-at-Arms
34:23 Onager
36:55 Elite Teutonic Knight
37:50 Long Swordsman
38:49 Two-Handed Swordsman
40:54 Conscription
39:56 Champion
41:42 Iron Casting
42:57 Chain Mail Armor
43:43 Blast Furnace
45:58 Plate Mail Armor
46:29 Blast Furnace
45:44 Fletching
46:19 Ironclad
48:38 Pikeman
Wolfsbane
8:26 Loom
12:17 Feudal Age
13:30 Double-Bit Axe
15:26 Wheelbarrow
20:08 Castle Age
19:06 Fishing Lines
21:12 Medium Warships
21:29 Bow Saw
21:22 Fletching
21:42 Forging
23:16 Horse Collar
25:10 Gold Mining
25:11 Stone Mining
27:26 Fletching
27:36 Padded Archer Armor
28:50 Heavy Plow
29:11 Bodkin Arrow
29:31 Leather Archer Armor
32:57 Kasbah
33:54 Gold Shaft Mining
34:27 Bloodlines
34:17 Husbandry
36:52 Ballistics
36:40 Thumb Ring
41:21 Imperial Age
42:04 Bracer
42:29 Conscription
43:26 Chemistry
48:16 Hoardings
50:48 Maghrebi Camels
Jean Suir
10:37 Loom
13:08 Feudal Age
13:59 Double-Bit Axe
20:05 Castle Age
18:14 Stone Mining
19:01 Gold Mining
19:04 Fletching
20:21 Padded Archer Armor
21:22 Medium Warships
25:28 Bow Saw
27:10 Stone Shaft Mining
27:59 Bodkin Arrow
31:51 Wheelbarrow
31:58 Horse Collar
36:02 Imperial Age
35:47 Hand Cart
36:18 Elite Rattan Archer
38:38 Bracer
40:55 Ballistics
41:35 Leather Archer Armor
42:39 Chemistry
42:02 Paper Money
44:40 Bloodlines
43:51 Light Cavalry
47:04 Scale Barding Armor
47:10 Forging
48:26 Heavy Plow
48:29 Husbandry
BittyTingo
7:50 Loom
12:38 Feudal Age
13:34 Double-Bit Axe
17:15 Wheelbarrow
20:24 Castle Age
22:07 Bow Saw
22:32 Hand Cart
22:03 Town Watch
22:00 Horse Collar
23:17 Heavy Plow
28:27 Fletching
28:37 Padded Archer Armor
29:19 Bodkin Arrow
35:09 Imperial Age
32:52 Thumb Ring
33:17 Gold Mining
34:33 Ballistics
34:30 Leather Archer Armor
35:10 Elite Elephant Archer
36:56 Chemistry
36:16 Bracer
39:36 Conscription
39:48 Frontier Guards
39:51 Conscription
42:35 Bloodlines
42:26 Husbandry
41:47 Light Cavalry
42:38 Hussar
47:06 Scale Barding Armor
47:13 Forging
48:08 Chain Barding Armor
50:19 Onager
dreams2996
4:30 Loom
13:25 Feudal Age
17:10 Castle Age
15:16 Fletching
18:07 Bodkin Arrow
18:15 Town Watch
18:32 Padded Archer Armor
22:07 Double-Bit Axe
22:04 Horse Collar
23:57 Bow Saw
25:28 Wheelbarrow
26:19 Scale Barding Armor
27:37 Bloodlines
27:27 Husbandry
29:24 Forging
31:33 Heavy Plow
32:21 Chain Barding Armor
32:18 Gold Mining
34:59 Iron Casting
42:32 Gold Shaft Mining
45:06 Imperial Age
42:07 Light Cavalry
43:58 Leather Archer Armor
46:26 Chemistry
45:59 Ring Archer Armor
45:28 Cavalier
46:45 Plate Barding Armor
47:02 Capped Ram
pxh42
6:47 Loom
11:16 Feudal Age
12:24 Double-Bit Axe
15:41 Castle Age
15:23 Horse Collar
16:52 Bow Saw
16:44 Heavy Plow
17:54 Scale Mail Armor
29:02 Imperial Age
27:04 Gold Mining
31:48 Scale Barding Armor
31:54 Town Watch
32:44 Chain Mail Armor
37:17 Fletching
37:27 Padded Archer Armor
37:56 Bodkin Arrow
37:26 Crossbowman
39:38 Chemistry
40:47 Ballistics
45:16 Crop Rotation
Connection lost

Rejoining the realm…

Still unreachable

The connection could not be restored.

Session expired

The server has moved on; the page needs a fresh start.